 Dungeon Crawl Stone Soup version 0.19.5 (webtiles) character file.

33 wolfsongas the Chopper (level 3, 0/25 HPs)
             Began as a Demonspawn Wanderer on May 3, 2017.
             Slain by Natasha (4 damage)
             ... on level 2 of the Dungeon.
             The game lasted 00:02:16 (801 turns).

wolfsongas the Chopper (Demonspawn Wanderer)         Turns: 801, Time: 00:02:17

Health: 0/25       AC:  5    Str: 12    XL:     3   Next: 12%
Magic:  4/4        EV: 10    Int: 11    God:
Gold:   41         SH:  0    Dex: 15    Spells: 1 memorised, 3 levels left

rFire  . . .     SeeInvis .     b - +0 hand crossbow
rCold  + . .     Gourm    .     d - +0 ring mail
rNeg   . . .     Faith    .     (no shield)
rPois  .         Spirit   .     (helmet restricted)
rElec  .         Reflect  .     (no cloak)
rCorr  .         Harm     .     (no gloves)
MR     .....                    (no boots)
Stlth  +.........               (no amulet)
                                (no ring)
                                (no ring)

@: no status effects
A: antennae 1, cold resistance 1
a: no special abilities


You were on level 2 of the Dungeon.
You were not hungry.

You visited 1 branch of the dungeon, and saw 2 of its levels.

You collected 41 gold pieces.

Inventory:

Hand Weapons
 b - a +0 hand crossbow (weapon)
Missiles
 c - 14 bolts (quivered)
Armour
 d - a +0 ring mail (worn)
Scrolls
 k - a scroll of identify
Potions
 e - 2 potions of curing {unknown}
 g - a potion of flight {unknown}
 i - a potion of haste
 j - a potion of brilliance {unknown}
Books
 a - a book of Maledictions

   Spells                             Type                      Level
   a - Corona                         Hexes                        1
   b - Ensorcelled Hibernation        Hexes/Ice                    2
   c - Confuse                        Hexes                        3
   d - Tukima's Dance                 Hexes                        3
   e - Dazzling Spray                 Conjuration/Hexes            3
Comestibles
 f - 2 bread rations
 h - a meat ration


   Skills:
 + Level 0.4 Fighting
   Level 2.6 Axes
 + Level 1.1 Crossbows
 + Level 2.4 Armour
 + Level 1.1 Spellcasting
 + Level 2.2 Hexes
   Level 2.0 Evocations


You had 3 spell levels left.
You knew the following spells:

 Your Spells              Type           Power        Failure   Level  Hunger
a - Corona                Hex            #......      28%         1    ##.....


Dungeon Overview and Level Annotations

Branches:
Dungeon (2/15)

Altars:
Vehumet

Annotations:
D:2 Natasha


Innate Abilities, Weirdness & Mutations

You have a pair of small antennae on your head.
Your flesh is cold resistant. (rC+)


Message History

You are too injured to fight recklessly!
You are too injured to fight recklessly!
You are too injured to fight recklessly!
You are too injured to fight recklessly!
Natasha howls an incantation.
Natasha glows brightly for a moment.
Natasha barely misses you.
You see here 12 gold pieces.
Really attack while wielding your +0 hand crossbow? [Y]es or [N]o only, please.
Really attack while wielding your +0 hand crossbow? [Y]es or [N]o only, please.
Really attack while wielding your +0 hand crossbow?
Okay, then.
Firing (i - inventory):
c - 15 bolts (quivered)
Press: ? - help, Shift-Dir - straight line, f/p - Natasha
Aim: Natasha (severely wounded)
You shoot a bolt. The bolt closely misses Natasha.
Natasha claws you but does no damage. Natasha claws you.
You die...

..#......... # #.
##.####.##.##.. .#.
.........#.##.#
.#.##.#.##.#..#.##.#
...............##.#
#.#..#...#...####.#
#.#.###.###..>.....
...###....#...#...####.#
(.l(.(h@...._.....# #.#
...####...#...#..## #.#
#..###.###.# #.#
#...#...#..# #.#
+..........# ..#
#......##.## ###
#########... ####.# #


You could see Natasha and a leopard gecko (wandering).

Vanquished Creatures
  An adder (D:2)
  A ball python (D:2)
  A giant cockroach (D:1)
  5 hobgoblins
  4 jackals (D:1)
  A kobold (D:1)
  4 bats
  2 frilled lizards (D:1)
  2 goblins (D:1)
21 creatures vanquished.

Notes
Turn   | Place    | Note
-------+----------+-------------------------------------------
     0 | D:1      | wolfsongas the Demonspawn Wanderer began the quest for the Orb.
     0 | D:1      | wolfsongas set off with: a book of Maledictions, a +0 hand crossbow, 30 bolts, a +0 ring mail, a bread ration
     0 | D:1      | Reached XP level 1. HP: 13/13 MP: 2/2
     2 | D:1      | Learned a level 1 spell: Corona
   346 | D:1      | Gained mutation: You have a pair of small antennae on your head. [demonic ancestry]
   346 | D:1      | Reached XP level 2. HP: 19/19 MP: 3/3
   699 | D:2      | Reached skill level 1 in Crossbows
   699 | D:2      | Gained mutation: Your flesh is cold resistant. (rC+) [demonic ancestry]
   699 | D:2      | Reached XP level 3. HP: 25/25 MP: 4/4
   778 | D:2      | Found a radiant altar of Vehumet.
   793 | D:2      | Noticed Natasha
   801 | D:2      | Slain by Natasha

Skill      XL: |  1  2 |
---------------+-------+-----
Armour         | 2 |  2.4
Crossbows      | 1 |  1.1
Fighting       | |  0.4
Axes           | |  2.6
Spellcasting   | |  1.1
Hexes          | |  2.2
Evocations     | |  2.0

Action                   || total
-------------------------++-------
 Fire: Hand crossbow     ||    75
  Use: Scroll            ||     3
Armor: Ring mail         ||    18
Dodge: Dodged            ||    31
